 Dungeon Crawl Stone Soup version 0.21-a0-442-g848f44b (webtiles) character file.

25 AverageBear the Cutter (level 2, -4/18 HPs)
             Began as a Deep Elf Fighter on Nov 12, 2017.
             Slain by a gnoll
             ... wielding a +0 whip
              (5 damage)
             ... on level 1 of the Dungeon.
             The game lasted 00:00:35 (695 turns).

AverageBear the Cutter (Deep Elf Fighter)            Turns: 695, Time: 00:00:35

Health: -4/18      AC:  7    Str: 13    XL:     2   Next: 82%
Magic:  4/4        EV:  6    Int: 12    God:
Gold:   29         SH:  8    Dex: 14    Spells: 1/1 levels left

rFire    . . .     SeeInvis .   a - +0 rapier
rCold    . . .     Gourm    .   c - +0 shield
rNeg     . . .     Faith    .   b - +0 scale mail
rPois    .         Spirit   .   i - +0 helmet
rElec    .         Reflect  .   (no cloak)
rCorr    .         Harm     .   (no gloves)
MR       .....                  (no boots)
Stlth    +.........             (no amulet)
HPRegen  0.06/turn              (no ring)
MPRegen  0.09/turn              (no ring)

@: no status effects
A: camouflage 1, high mp 1
a: no special abilities


You were on level 1 of the Dungeon.
You were not hungry.

You visited 1 branch of the dungeon, and saw 1 of its levels.

You collected 29 gold pieces.

Inventory:

Hand Weapons
 a - a +0 rapier (weapon)
Armour
 b - a +0 scale mail (worn)
 c - a +0 shield (worn)
 i - a +0 helmet (worn)
Scrolls
 e - a scroll of identify {unknown}
 h - a scroll of remove curse {unknown}
 j - a scroll of enchant weapon {unknown}
 k - a scroll of amnesia {unknown}
Potions
 d - a potion of might
Comestibles
 f - a bread ration
 l - a royal jelly


   Skills:
 - Level 2.4 Fighting
 + Level 3.4 Short Blades
 - Level 2.4 Armour
 - Level 2.4 Shields


You had one spell level left.
You didn't know any spells.

Dungeon Overview and Level Annotations

Branches:
Dungeon (1/15)

Altars:


Innate Abilities, Weirdness & Mutations

Your skin changes colour to match your surroundings (Stealth+).
You have an increased reservoir of magic. (+10% MP)


Message History

You are too injured to fight recklessly!
You are too injured to fight recklessly!
You closely miss the gnoll.
The gnoll is moderately wounded.
The gnoll hits you but does no damage.
You hit the gnoll but do no damage.
The gnoll is moderately wounded.
The gnoll hits you with a whip.
* * * LOW HITPOINT WARNING * * *
You closely miss the gnoll.
The gnoll is moderately wounded.
The gnoll hits you with a whip.
* * * LOW HITPOINT WARNING * * *
The gnoll barely misses you.
It was a potion of mutation.
You feel extremely strange.
You begin to heal more quickly.
You feel more energetic.
Your rate of healing slows.
Your skin functions as natural camouflage.
The gnoll hits you with a whip.
You die...

##### ..... #.# ....# ...
#.####### ....#
#.###.###........ ....#
#.#........#..# ....#
#.#.#####..#..# ....#
#.#.#......#..# ..#.#
#.#.#.###..#..#
###.###.#.......g...#
..........#.###.@#.#######
#...........((............
......#.#.#........##########
......#.#.(.................#
..#####.#########.#########.#
.. ..# #.#########.# .. ###
#...........# . #############


You could see a gnoll.

Vanquished Creatures
  An ooze (D:1)
  2 dart slugs (D:1)
  A leopard gecko (D:1)
  4 giant cockroaches (D:1)
  A ball python (D:1)
  2 bats (D:1)
  4 kobolds (D:1)
  2 rats (D:1)
17 creatures vanquished.

Notes
Turn   | Place    | Note
-------+----------+-------------------------------------------
     0 | D:1      | AverageBear the Deep Elf Fighter began the quest for the Orb.
     0 | D:1      | Reached XP level 1. HP: 13/13 MP: 3/3
   115 | D:1      | Reached XP level 2. HP: 10/18 MP: 4/4
   317 | D:1      | Reached skill level 3 in Short Blades
   695 | D:1      | Gained mutation: Your natural rate of healing is unusually fast. [potion of mutation]
   695 | D:1      | Gained mutation: You have an increased reservoir of magic. (+10% MP) [potion of mutation]
   695 | D:1      | Lost mutation: Your natural rate of healing is unusually fast. [potion of mutation]
   695 | D:1      | Gained mutation: Your skin changes colour to match your surroundings (Stealth+). [potion of mutation]
   695 | D:1      | Slain by a gnoll

Vault maps used:
D:1:      elethiomel_arrival_shortcut

Skill      XL: |  1  2 |
---------------+-------+-----
Short Blades   | 3 |  3.4
Fighting       | |  2.4
Armour         | |  2.4
Shields        | |  2.4

Action                   || total
-------------------------++-------
Melee: Rapier            ||    60
  Use: Potion            ||     1
Armor: Scale mail        ||    24
Dodge: Dodged            ||    17
Block: Shield            ||    29

Table legend:
 A = Spawn XP
 B = Non-spawn XP
 C = Spawn XP percentage of total XP
 D = Spawn monster count
 E = Non-spawn monster count
 F = Spawn count percentage of total count
 G = Total turns spent on level
                    A         B        C        D         E        F      G
               +---------+---------+-------+---------+---------+-------+---------
         Total |       0 |      36 |   0.0 |       0 |      17 |   0.0 |   695
               +---------+---------+-------+---------+---------+-------+---------
           D:1 |       0 |      36 |   0.0 |       0 |      17 |   0.0 |   695
               +---------+---------+-------+---------+---------+-------+---------
